 Dungeon Crawl Stone Soup version 0.21.1-1-g345015fe64 (webtiles) character file.

1293 Mrkan the Grappler (level 8, -8/78 HPs)
             Began as a Troll Monk on May 10, 2018.
             Was a Follower of Ru.
             Mangled by a two-headed ogre
             ... wielding a +0 giant spiked club
              (23 damage)
             ... on level 6 of the Dungeon.
             The game lasted 00:10:05 (5061 turns).

Mrkan the Grappler (Troll Monk)                     Turns: 5061, Time: 00:10:06

Health: -8/78      AC:  5    Str: 20    XL:     8   Next: 30%
Magic:  7/7        EV:  9    Int:  6    God:    Ru [*.....]
Gold:   309        SH:  0    Dex: 14    Spells: 7/7 levels left

rFire    . . .     SeeInvis .     - Unarmed
rCold    . . .     Gourm    +   (no shield)
rNeg     . . .     Faith    .   a - +0 robe
rPois    .         Spirit   .   (helmet restricted)
rElec    .         Reflect  .   (no cloak)
rCorr    .         Harm     .   (gloves unavailable)
MR       .....                  (boots unavailable)
Stlth    ++........             (no amulet)
HPRegen  0.63/turn              (no ring)
MPRegen  0.10/turn              (no ring)

@: no status effects
A: large, unfitting armour, claws 3, fast metabolism 3, gourmand, regeneration
1, shaggy fur 1, tough skin 2, inability to train dodging
a: Renounce Religion


You were on level 6 of the Dungeon.
You worshipped Ru.
Ru was aware of your devotion.
You were very full.

You visited 2 branches of the dungeon, and saw 8 of its levels.

You collected 309 gold pieces.

Inventory:

Armour
 a - a +0 robe (worn)
Jewellery
 j - a cursed -3 ring of intelligence {unknown}
 m - a cursed ring of teleportation {unknown}
 n - an uncursed amulet of rage {unknown}
 p - a +2 ring of intelligence {unknown}
 v - an uncursed ring of protection from magic {unknown}
Wands
 k - a wand of random effects (34)
 y - a wand of disintegration (9)
 A - a wand of polymorph (17)
Scrolls
 c - a scroll of magic mapping {unknown}
 d - a scroll of immolation {unknown}
 f - 2 scrolls of amnesia {unknown}
 h - 3 scrolls of remove curse {unknown}
 i - a scroll of teleportation {unknown}
 q - 7 scrolls of identify {unknown}
 u - a scroll of enchant armour {unknown}
Potions
 e - 2 potions of flight {unknown}
 g - a potion of magic {unknown}
 l - 7 potions of curing {unknown}
 o - a potion of agility {unknown}
 r - a potion of degeneration {unknown}
 s - a potion of lignification {unknown}
 t - a potion of brilliance {unknown}
 w - a potion of mutation {unknown}
 x - a potion of haste {unknown}
 B - a potion of heal wounds {unknown}
Comestibles
 b - 8 rations
 z - 3 chunks of flesh


   Skills:
 * Level 4.1 Fighting
 - Level 1.7 Stealth
 - Level 9.1 Unarmed Combat


You had 7 spell levels left.
You didn't know any spells.

Dungeon Overview and Level Annotations

Branches:
Dungeon (7/15)             Temple (1/1) D:5

Altars:
Ashenzari
Cheibriados
Dithmenos
Elyvilon
Fedhas
Gozag
Hepliaklqana
Kikubaaqudgha
Makhleb
Nemelex Xobeh
Okawaru
Qazlal
Ru
Sif Muna
Trog
Uskayaw
Vehumet
Wu Jian
Xom
Yredelemnul
Zin
The Shining One

Shops:
D:5 (

Annotations:
D:5 Saeniel's ghost, novice HOBe


Innate Abilities, Weirdness & Mutations

You are too large for most types of armour.
You have claws for hands.
Your metabolism is lightning-fast.
You like to eat raw meat.
Your natural rate of healing is unusually fast.
You are covered in fur. (AC +1)
You have very tough skin. (AC +2)
You cannot train Dodging skill.


Message History

Drop what? 28/52 slots (_ for help) (? for menu, Esc to quit)
Okay, then.
The howler monkey hoots and howls with incredible vigour!
You hear an angry hiss.
The howler monkey hoots and howls with incredible vigour!
You hear a distant slurping noise.
The howler monkey hoots and howls with incredible vigour!
There is an open door here.
There is an open door here.
There is a stone staircase leading up here.
You can't go down here!
The two-headed ogre closely misses you.
The two-headed ogre hits you with a giant club!!
* * * LOW HITPOINT WARNING * * *
The howler monkey hoots and howls with incredible vigour!
You hear an angry buzzing noise. x3
You climb upwards.
There is a stone staircase leading down here.
The two-headed ogre hits you with a giant spiked club!!
You die...

....# #.#.#.#
.######.#.#.#
........#.#.###
.#####>.......#
..........#(#.#
...##########.#
...###### #.#####
...##...### ###...#
...##.>...###...@.#
...##...........O.#
...####....♣....###
...# ####.....###
...# #..##...##
...###......##
...#...######
.#.#.### .#...#


You could see a two-headed ogre.

Vanquished Creatures
  A sky beast (D:5)
  An ogre (D:5)
  A centaur (D:6)
  4 bullfrogs
  2 scorpions
  A howler monkey (D:6)
  A crimson imp (D:6)
  A bullfrog zombie (D:7)
  A jelly (D:6)
  A centaur skeleton (D:4)
  3 hounds
  2 orc priests
  4 orc wizards
  2 worker ants (D:4)
  9 adders
  An ooze (D:1)
  2 worms
  A dart slug (D:2)
  5 leopard geckos
  26 orcs
  3 ball pythons
  6 bats
  3 giant cockroaches
  8 goblins
  9 hobgoblins
  3 jackals (D:6)
  8 kobolds
  2 quokkas
  4 frilled lizards
  3 rats
118 creatures vanquished.

Notes
Turn   | Place    | Note
-------+----------+-------------------------------------------
     0 | D:1      | Mrkan the Troll Monk began the quest for the Orb.
     0 | D:1      | Reached XP level 1. HP: 22/22 MP: 0/0
    60 | D:1      | Reached XP level 2. HP: 27/29 MP: 1/1
   905 | D:2      | Reached XP level 3. HP: 32/36 MP: 2/2
  1066 | D:2      | Reached XP level 4. HP: 42/44 MP: 3/3
  1808 | D:3      | Found a white marble altar of Elyvilon.
  1810 | D:3      | Found a snail-covered altar of Cheibriados.
  1810 | D:3      | Found a hazy altar of Hepliaklqana.
  1814 | D:3      | Found an ornate altar of the Wu Jian Council.
  1816 | D:3      | Found an ancient bone altar of Kikubaaqudgha.
  1950 | D:3      | Reached XP level 5. HP: 38/53 MP: 4/4
  2051 | D:3      | Reached skill level 4 in Unarmed Combat
  2427 | D:4      | Found a deep blue altar of Sif Muna.
  2560 | D:4      | Reached skill level 5 in Unarmed Combat
  2574 | D:4      | Reached XP level 6. HP: 44/61 MP: 5/5
  2955 | D:4      | Reached skill level 6 in Unarmed Combat
  3225 | D:5      | Entered Level 5 of the Dungeon
  3266 | D:5      | Noticed a sky beast
  3281 | D:5      | Killed a sky beast
  3285 | D:5      | Reached XP level 7. HP: 43/67 MP: 6/6
  3290 | D:5      | Reached skill level 7 in Unarmed Combat
  3394 | D:5      | Found Bahoikla's Weapon Emporium.
  3672 | D:5      | Found a staircase to the Ecumenical Temple.
  3684 | Temple   | Entered the Ecumenical Temple
  3777 | Temple   | Became a worshipper of Ru the Awakened
  3781 | Temple   | Gained mutation: You cannot train Dodging skill. [Ru sacrifice]
  3781 | Temple   | Reached * piety under Ru
  4003 | D:5      | Noticed Saeniel's ghost (novice HOBe)
  4091 | D:6      | Found an opulent altar of Gozag.
  4112 | D:6      | Reached skill level 8 in Unarmed Combat
  4301 | D:6      | Found an ornate altar of the Wu Jian Council.
  4485 | D:6      | Reached XP level 8. HP: 74/75 MP: 7/7
  4531 | D:6      | Reached skill level 9 in Unarmed Combat
  4534 | D:6      | You fall through a shaft!
  4653 | D:6      | Found a shadowy altar of Dithmenos.
  5021 | D:7      | Noticed a two-headed ogre
  5061 | D:6      | Mangled by a two-headed ogre

Skill      XL: |  1  2  3  4  5  6  7  8 |
---------------+-------------------------+-----
Fighting       | 3 4 |  4.1
Dodging        | 3 0 |  0.0
Unarmed Combat | 5 6 8 9 |  9.1
Stealth        | |  1.7

Action                   |  1- 3 |  4- 6 |  7- 9 || total
-------------------------+-------+-------+-------++-------
Melee: Unarmed           |    54 |   149 |   124 ||   327
       Punch             |     1 |     3 |     3 ||     7
Invok: Sacrifice Nimblen |       |       |     1 ||     1
 Stab: Sleeping          |     1 |     4 |     1 ||     6
  Eat: Chunk             |    11 |    22 |    18 ||    51
Armor: Robe              |    32 |    45 |    35 ||   112
Dodge: Dodged            |    59 |    81 |    69 ||   209
